| TOP OF THE 1ST |
|
Trenton Thunder batting - Pitching for Erie SeaWolves : RHP Dan Keener
|
|
Pitching: RHP Dan Keener
|
|
|
Batting: RHB Bryan Westray
|
0-0: Called Strike 0-1: Hit by Pitch
|
|
Batting: LHB Jared Zulkowski
|
0-0: Ball 1-0: Foul Ball, location: 2F 1-1: SINGLE (Line Drive, 78S, EV 91.2 MPH) Bryan Westray to second
|
|
Batting: SHB Houston Phillips
|
0-0: Ball 1-0: Foul Ball, location: 2F 1-1: Ball 2-1: Grounds into double play, U6-3 (Groundball, 4M, EV 87.5 MPH) Bryan Westray to third
|
|
Batting: RHB Alex Colon
|
0-0: Fly out, F7 (Flyball, 7, EV 88.1 MPH)
|
| Top of the 1st over - 0 runs, 1 hit, 0 errors, 1 left on base; Trenton 0 - Erie 0 |
| BOTTOM OF THE 1ST |
|
Erie SeaWolves batting - Pitching for Trenton Thunder : RHP John Robidoux
|
|
Pitching: RHP John Robidoux
|
|
|
Batting: RHB Eric Angelle
|
0-0: Called Strike 0-1: Ball 1-1: Ball 2-1: Ball 3-1: Base on Balls
|
|
Batting: LHB Nick Nino
|
0-0: Ball 1-0: Foul Ball, location: 2F 1-1: Foul Ball, location: 2F 1-2: Ground out 4-3 (Groundball, 34D, EV 101.2 MPH) Eric Angelle to second
|
|
Batting: RHB Adam MacConnell
|
0-0: SINGLE (Groundball, 6MD, EV 110.0 MPH) Eric Angelle to third Runner from 3rd tries for Home, SAFE, throw by CF to home
|
|
Batting: RHB Benny O'Connor
|
0-0: Called Strike 0-1: Ball 1-1: Called Strike 1-2: Foul Ball, location: 2F 1-2: Ball 2-2: SINGLE (Line Drive, 7S, EV 85.0 MPH) Adam MacConnell to second
|
|
Batting: RHB Tony Soto
|
0-0: Called Strike 0-1: SINGLE (Flyball, 56D, EV 87.5 MPH) Adam MacConnell to third Benny O'Connor to second
|
|
Batting: SHB Sean Foley
|
0-0: Called Strike 0-1: Fielders Choice at 2nd, 6-4 (Groundball, 6M, EV 79.4 MPH) Adam MacConnell scores Benny O'Connor to third
|
|
Batting: RHB Tanner Purchase
|
0-0: Ball 1-0: Swinging Strike 1-1: Called Strike 1-2: Ball 2-2: Ball 3-2: Strikes out swinging
|
| Bottom of the 1st over - 2 runs, 3 hits, 0 errors, 2 left on base; Trenton 0 - Erie 2 |
| TOP OF THE 2ND |
|
Trenton Thunder batting - Pitching for Erie SeaWolves : RHP Dan Keener
|
|
Batting: RHB Phil Reeves
|
0-0: Called Strike 0-1: Ground out 3-1 (Groundball, 13, EV 91.2 MPH)
|
|
Batting: RHB Christian Shearer
|
0-0: Ball 1-0: Ground out 3-1 (Groundball, 34, EV 105.6 MPH)
|
|
Batting: RHB Javier Umanzor
|
0-0: Called Strike 0-1: Ball 1-1: Ball 2-1: Ball 3-1: Base on Balls
|
|
Batting: RHB Ben Kidder
|
0-0: Ball 1-0: Fielders Choice at 2nd, 6-4 (Groundball, 6, EV 83.1 MPH)
|
| Top of the 2nd over - 0 runs, 0 hits, 0 errors, 1 left on base; Trenton 0 - Erie 2 |
| BOTTOM OF THE 2ND |
|
Erie SeaWolves batting - Pitching for Trenton Thunder : RHP John Robidoux
|
|
Batting: RHB Jamie Villagrana
|
0-0: Ball 1-0: Fly out, F4 (Flyball, 34D, EV 90.6 MPH)
|
|
Batting: RHB Willie Ochoa
|
0-0: Ball 1-0: Ball 2-0: Foul Ball, location: 2F 2-1: Called Strike 2-2: Foul Ball, location: 2F 2-2: Ball 3-2: Foul Ball, location: 2F 3-2: Foul Ball, location: 2F 3-2: Foul Ball, location: 2F 3-2: Ground out U3 (Groundball, 34, EV 101.2 MPH)
|
|
Batting: RHB Eric Angelle
|
0-0: Ball 1-0: Ground out 4-3 (Groundball, 4, EV 92.5 MPH)
|
| Bottom of the 2nd over - 0 runs, 0 hits, 0 errors, 0 left on base; Trenton 0 - Erie 2 |
| TOP OF THE 3RD |
|
Trenton Thunder batting - Pitching for Erie SeaWolves : RHP Dan Keener
|
|
Batting: LHB Bart Davies
|
0-0: Swinging Strike 0-1: Ball 1-1: Called Strike 1-2: Foul Ball, location: 2F 1-2: Foul Ball, location: 2F 1-2: Foul Ball, location: 2F 1-2: Fly out, F4 (Line Drive, 34D, EV 66.9 MPH)
|
|
Batting: RHB Bryan Westray
|
0-0: Ball 1-0: Foul Ball, location: 2F 1-1: Swinging Strike 1-2: Foul Ball, location: 2F 1-2: Strikes out swinging
|
|
Batting: LHB Jared Zulkowski
|
0-0: Called Strike 0-1: Fly out, F7 (Flyball, 78M, EV 88.8 MPH)
|
| Top of the 3rd over - 0 runs, 0 hits, 0 errors, 0 left on base; Trenton 0 - Erie 2 |
| BOTTOM OF THE 3RD |
|
Erie SeaWolves batting - Pitching for Trenton Thunder : RHP John Robidoux
|
|
Batting: LHB Nick Nino
|
0-0: Called Strike 0-1: Fly out, F7 (Flyball, 78S, EV 84.4 MPH)
|
|
Batting: RHB Adam MacConnell
|
0-0: Ball 1-0: Called Strike 1-1: Ball 2-1: Ball 3-1: Base on Balls
|
|
Batting: RHB Benny O'Connor
|
0-0: Swinging Strike 0-1: Foul Ball, location: 2F 0-2: Strikes out swinging
|
|
Batting: RHB Tony Soto
|
0-0: Ball 1-0: Swinging Strike 1-1: Ball 2-1: Foul Ball, location: 2F 2-2: Ball 3-2: Ground out 5-3 (Groundball, 5, EV 100.6 MPH)
|
| Bottom of the 3rd over - 0 runs, 0 hits, 0 errors, 1 left on base; Trenton 0 - Erie 2 |
| TOP OF THE 4TH |
|
Trenton Thunder batting - Pitching for Erie SeaWolves : RHP Dan Keener
|
|
Batting: SHB Houston Phillips
|
0-0: Ball 1-0: Ball 2-0: Ground out 6-3 (Groundball, 4M, EV 83.8 MPH)
|
|
Batting: RHB Alex Colon
|
0-0: Reached on error, E5 (Groundball, 56S, EV 76.2 MPH)
|
|
Batting: RHB Phil Reeves
|
0-0: Ball 1-0: Ball Alex Colon steals 2nd base 2-0: Ball 3-0: Called Strike 3-1: SINGLE (Line Drive, 8RS, EV 95.0 MPH) Alex Colon to third Runner from 3rd tries for Home, SAFE, throw by CF to home
|
|
Batting: RHB Christian Shearer
|
0-0: DOUBLE (Line Drive, 7LS, EV 88.1 MPH) Phil Reeves to third
|
|
Batting: RHB Javier Umanzor
|
0-0: Called Strike 0-1: SINGLE (Groundball, 4D, EV 102.5 MPH) Phil Reeves scores Christian Shearer to third Runner from 3rd tries for Home, SAFE, throw by CF to home
|
|
Batting: RHB Ben Kidder
|
0-0: Fly out, F3 (Line Drive, 3, EV 73.1 MPH) Lined into DP, U3 (Line Drive, 3, EV 74.4 MPH)
|
| Top of the 4th over - 3 runs, 3 hits, 1 error, 0 left on base; Trenton 3 - Erie 2 |
| BOTTOM OF THE 4TH |
|
Erie SeaWolves batting - Pitching for Trenton Thunder : RHP John Robidoux
|
|
Batting: SHB Sean Foley
|
0-0: SINGLE (Groundball, 6D, EV 105.0 MPH)
|
|
Batting: RHB Tanner Purchase
|
0-0: Ball 1-0: Ball 2-0: Called Strike 2-1: Ball 3-1: SINGLE (Groundball, 4MD, EV 105.6 MPH) (infield hit) Sean Foley to second
|
|
Batting: RHB Jamie Villagrana
|
0-0: Called Strike 0-1: Ball 1-1: Ball 2-1: Foul Ball, location: 2F 2-2: Fly out, F9 (Flyball, 9LM, EV 91.2 MPH) Runner from 2nd tags up, SAFE at 3rd with throw by RF
|
|
Batting: RHB Willie Ochoa
|
0-0: Called Strike 0-1: Foul Ball, location: 2F 0-2: Ball 1-2: Strikes out swinging
|
|
Batting: RHB Eric Angelle
|
0-0: Fly out, F8 (Flyball, 8LXD, EV 108.8 MPH)
|
| Bottom of the 4th over - 0 runs, 2 hits, 0 errors, 2 left on base; Trenton 3 - Erie 2 |
| TOP OF THE 5TH |
|
Trenton Thunder batting - Pitching for Erie SeaWolves : RHP Dan Keener
|
|
Batting: LHB Bart Davies
|
0-0: Called Strike 0-1: Foul Ball, location: 2F 0-2: Ground out 4-3 (Groundball, 34D, EV 98.8 MPH)
|
|
Batting: RHB Bryan Westray
|
0-0: Ball 1-0: Ball 2-0: Ball 3-0: Called Strike 3-1: Base on Balls
|
|
Batting: LHB Jared Zulkowski
|
0-0: Called Strike 0-1: Ball 1-1: Foul Ball, location: 2F 1-2: Strikes out looking
|
|
Batting: SHB Houston Phillips
|
0-0: Foul Ball, location: 2F 0-1: Swinging Strike 0-2: Foul Ball, location: 2F 0-2: Strikes out swinging
|
| Top of the 5th over - 0 runs, 0 hits, 0 errors, 1 left on base; Trenton 3 - Erie 2 |
| BOTTOM OF THE 5TH |
|
Erie SeaWolves batting - Pitching for Trenton Thunder : RHP John Robidoux
|
|
Batting: LHB Nick Nino
|
0-0: Ball 1-0: Ball 2-0: Called Strike 2-1: Swinging Strike 2-2: Foul Ball, location: 2F 2-2: Foul Ball, location: 2F 2-2: Fly out, F6 (Line Drive, 6M, EV 67.5 MPH)
|
|
Batting: RHB Adam MacConnell
|
0-0: Ball 1-0: Swinging Strike 1-1: Ball 2-1: Foul Ball, location: 2F 2-2: Ground out 5-3 (Groundball, 56S, EV 63.8 MPH)
|
|
Batting: RHB Benny O'Connor
|
0-0: Ball 1-0: Ball 2-0: Ball 3-0: Base on Balls
|
|
Batting: RHB Tony Soto
|
0-0: Ball 1-0: Swinging Strike 1-1: Foul Ball, location: 2F 1-2: Foul Ball, location: 2F 1-2: Foul Ball, location: 2F 1-2: Foul Ball, location: 2F 1-2: Fielders Choice at 2nd, U6 (Groundball, 6M, EV 104.4 MPH)
|
| Bottom of the 5th over - 0 runs, 0 hits, 0 errors, 1 left on base; Trenton 3 - Erie 2 |
| TOP OF THE 6TH |
|
Trenton Thunder batting - Pitching for Erie SeaWolves : RHP Dan Keener
|
|
Batting: RHB Alex Colon
|
0-0: Ball 1-0: Called Strike 1-1: Ball 2-1: Foul Ball, location: 2F 2-2: Ball 3-2: Ground out U3 (Groundball, 3L, EV 97.5 MPH)
|
|
Batting: RHB Phil Reeves
|
0-0: Foul Ball, location: 2F 0-1: Ball 1-1: Foul Ball, location: 2F 1-2: SINGLE (Groundball, 6D, EV 95.0 MPH)
|
|
Batting: RHB Christian Shearer
|
0-0: Ball 1-0: Ball Phil Reeves steals 2nd base 2-0: Foul Ball, location: 2F 2-1: Foul Ball, location: 2F 2-2: DOUBLE (Line Drive, 9LS, EV 105.0 MPH) Phil Reeves scores
|
|
Batting: RHB Javier Umanzor
|
0-0: Intentional Walk
|
|
Batting: RHB Ben Kidder
|
0-0: Foul Ball, location: 2F 0-1: Swinging Strike 0-2: Ball 1-2: Ball 2-2: Fielders Choice at 2nd, 4-6 (Groundball, 4, EV 88.1 MPH) Christian Shearer to third
|
|
Batting: LHB Bart Davies
|
0-0: Called Strike 0-1: Ground out 4-3 (Groundball, 4, EV 91.9 MPH)
|
| Top of the 6th over - 1 run, 2 hits, 0 errors, 2 left on base; Trenton 4 - Erie 2 |
| BOTTOM OF THE 6TH |
|
Erie SeaWolves batting - Pitching for Trenton Thunder : RHP John Robidoux
|
|
Batting: SHB Sean Foley
|
0-0: Ball 1-0: Called Strike 1-1: Ball 2-1: Ball 3-1: Swinging Strike 3-2: Fly out, F7 (Flyball, 78M, EV 85.6 MPH)
|
|
Batting: RHB Tanner Purchase
|
0-0: Ball 1-0: Swinging Strike 1-1: Foul Ball, location: 2F 1-2: Strikes out swinging
|
|
Batting: RHB Jamie Villagrana
|
0-0: Ball 1-0: Swinging Strike 1-1: Called Strike 1-2: Ground out 6-3 (Groundball, 6, EV 84.4 MPH)
|
| Bottom of the 6th over - 0 runs, 0 hits, 0 errors, 0 left on base; Trenton 4 - Erie 2 |
| TOP OF THE 7TH |
|
Trenton Thunder batting - Pitching for Erie SeaWolves : RHP Dan Keener
|
|
Batting: RHB Bryan Westray
|
0-0: Ball 1-0: Foul Ball, location: 2F 1-1: SINGLE (Groundball, 56D, EV 100.6 MPH)
|
|
Batting: LHB Jared Zulkowski
|
0-0: Ball 1-0: Grounds into double play, 5-4-3 (Groundball, 5, EV 88.1 MPH)
|
|
Batting: SHB Houston Phillips
|
0-0: Swinging Strike 0-1: Swinging Strike 0-2: Ball 1-2: SINGLE (Flyball, 5D, EV 97.5 MPH)
|
|
Batting: RHB Alex Colon
|
0-0: Fly out, F7 (Flyball, 78M, EV 98.8 MPH)
|
| Top of the 7th over - 0 runs, 2 hits, 0 errors, 1 left on base; Trenton 4 - Erie 2 |
| BOTTOM OF THE 7TH |
|
Erie SeaWolves batting - Pitching for Trenton Thunder : RHP John Robidoux
|
|
Pitching: RHP Jimmy Wilder
|
|
|
Batting: RHB Willie Ochoa
|
0-0: Ball 1-0: Ball 2-0: Foul Ball, location: 2F 2-1: Ball 3-1: Called Strike 3-2: Foul Ball, location: 2F 3-2: Foul Ball, location: 2F 3-2: SOLO HOME RUN (Line Drive, 7LD, EV 99.4 MPH), Distance : 362 ft
|
|
Batting: RHB Eric Angelle
|
0-0: Ball 1-0: Ball 2-0: Ball 3-0: Called Strike 3-1: Base on Balls
|
|
Batting: LHB Nick Nino
|
0-0: SINGLE (Line Drive, 34D, EV 98.1 MPH) Eric Angelle to second
|
|
Batting: RHB Adam MacConnell
|
0-0: Ball 1-0: Fielders Choice at 2nd, 3-6 (Groundball, 34, EV 90.0 MPH) Eric Angelle to third
|
|
Batting: RHB Benny O'Connor
|
0-0: Ball 1-0: Foul Ball, location: 2F 1-1: Hit by Pitch Adam MacConnell to second
|
|
Pitching: RHP Joe Shaw
|
|
|
Batting: RHB Tony Soto
|
0-0: Foul Ball, location: 2F 0-1: Hit by Pitch Eric Angelle scores Adam MacConnell to third Benny O'Connor to second
|
|
Batting: SHB Sean Foley
|
0-0: Ball 1-0: Called Strike 1-1: Foul Ball, location: 2F 1-2: Ball 2-2: Ball 3-2: Base on Balls Adam MacConnell scores Benny O'Connor to third Tony Soto to second
|
|
Batting: RHB Tanner Purchase
|
0-0: Ball 1-0: Called Strike 1-1: Foul Ball, location: 2F 1-2: Grounds into fielders choice 1-2 (Groundball, 13S, EV 57.5 MPH) Tony Soto to third Sean Foley to second
|
|
Batting: RHB Jamie Villagrana
|
0-0: Ball 1-0: Foul Ball, location: 2F 1-1: Foul Ball, location: 2F 1-2: DOUBLE (Line Drive, 5D, EV 99.4 MPH) Tony Soto scores Sean Foley scores Tanner Purchase to third Runner from 3rd tries for Home, throw by LF and OUT! 7-6-2
|
| Bottom of the 7th over - 5 runs, 3 hits, 0 errors, 1 left on base; Trenton 4 - Erie 7 |
| TOP OF THE 8TH |
|
Trenton Thunder batting - Pitching for Erie SeaWolves : RHP Dan Keener
|
|
Batting: RHB Phil Reeves
|
0-0: Ball 1-0: Fly out, F7 (Flyball, 7, EV 90.0 MPH)
|
|
Batting: RHB Christian Shearer
|
0-0: SINGLE (Groundball, 5S, EV 68.8 MPH) (infield hit)
|
|
Batting: RHB Javier Umanzor
|
0-0: Grounds into double play, 4-6-3 (Groundball, 4M, EV 91.9 MPH)
|
| Top of the 8th over - 0 runs, 1 hit, 0 errors, 0 left on base; Trenton 4 - Erie 7 |
| BOTTOM OF THE 8TH |
|
Erie SeaWolves batting - Pitching for Trenton Thunder : RHP Joe Shaw
|
|
Pitching: RHP Angel Gutierres
|
|
|
Batting: RHB Willie Ochoa
|
0-0: DOUBLE (Groundball, 5L, EV 105.0 MPH)
|
|
Batting: RHB Eric Angelle
|
0-0: Fly out, F8 (Flyball, 89D, EV 85.0 MPH)
|
|
Batting: LHB Nick Nino
|
0-0: Called Strike 0-1: Ground out 6-3 (Groundball, 6, EV 90.6 MPH)
|
|
Batting: RHB Adam MacConnell
|
0-0: Ball 1-0: Ball 2-0: Ball 3-0: Called Strike 3-1: Foul Ball, location: 2F 3-2: Foul Ball, location: 2F 3-2: Base on Balls
|
|
Batting: RHB Benny O'Connor
|
0-0: Ball 1-0: DOUBLE (Line Drive, 89M, EV 110.0 MPH) Willie Ochoa scores Adam MacConnell to third Runner from 3rd tries for Home, SAFE, throw by CF to home
|
|
Batting: RHB Tony Soto
|
0-0: Ball 1-0: Ball Wild Pitch! Benny O'Connor to third 2-0: Ball 3-0: Base on Balls
|
|
Batting: SHB Sean Foley
|
0-0: Ball 1-0: Swinging Strike 1-1: Swinging Strike 1-2: DOUBLE (Flyball, 78XD, EV 115.6 MPH) Benny O'Connor scores Tony Soto to third Runner from 3rd tries for Home, SAFE, throw by CF to home
|
|
Pitching: RHP David Durr
|
|
|
Batting: RHB Tanner Purchase
|
0-0: Called Strike 0-1: Ball 1-1: Ground out 5-3 (Groundball, 56, EV 103.1 MPH)
|
| Bottom of the 8th over - 4 runs, 3 hits, 0 errors, 1 left on base; Trenton 4 - Erie 11 |
| TOP OF THE 9TH |
|
Trenton Thunder batting - Pitching for Erie SeaWolves : RHP Dan Keener
|
|
Pinch Hitting: RHB Roberto Tena
|
0-0: Ground out 5-3 (Groundball, 56, EV 106.2 MPH)
|
|
Pitching: RHP Cameron Maxwell
|
|
|
Batting: LHB Bart Davies
|
0-0: Called Strike 0-1: Foul Ball, location: 2F 0-2: Strikes out swinging
|
|
Batting: RHB Bryan Westray
|
0-0: Ball 1-0: TRIPLE (Flyball, 89XD, EV 100.0 MPH)
|
|
Pinch Hitting: RHB Nazeeh Zubair
|
0-0: Ball 1-0: Called Strike 1-1: Swinging Strike 1-2: Foul Ball, location: 2F 1-2: Strikes out swinging
|
| Top of the 9th over - 0 runs, 1 hit, 0 errors, 1 left on base; Trenton 4 - Erie 11 |
|